 Dungeon Crawl Stone Soup version 0.29.1-14-g9c671dbff4 (webtiles) character file.

Game seed: 6862560902060592781

79 croobank the Sneak (level 4, -6/35 HPs)
             Began as a Demonspawn Delver on Feb 12, 2023.
             Mangled by a mummy (13 damage)
             ... in an ossuary.
             The game lasted 00:03:07 (762 turns).

croobank the Sneak (Demonspawn Delver)               Turns: 762, Time: 00:03:07

Health: -6/35      AC:  3    Str: 13    XL:     4   Next: 16%
Magic:  4/4        EV: 12    Int: 13    God:
Gold:   0          SH:  0    Dex: 14    Spells: 3/3 levels left

rFire   . . .      SeeInvis .   a - +0 hand axe (vorpal)
rCold   . . .      Faith    .   h - orb {*Rage}
rNeg    . . .      Spirit   .   b - +0 leather armour
rPois   .          Reflect  .   (helmet restricted)
rElec   .          Harm     .   (no cloak)
rCorr   .          Rampage  .   (no gloves)
Will    .....      Rage     20% (no boots)
Stlth   +++.......              (no amulet)
HPRegen 0.11/turn               (no ring)
MPRegen 0.09/turn               (no ring)

@: on berserk cooldown, slowed, very slow
A: horns 1
a: no special abilities


You were in an ossuary.
You visited 1 branch of the dungeon, and saw 2 of its levels.
You also visited: Ossuary.

Inventory:

Hand Weapons
 a - a +0 vorpal hand axe (weapon)
Armour
 b - a +0 leather armour (worn)
 h - an orb of wrath (worn)
Magical Staves
 f - a staff of poison
Wands
 g - a wand of digging (3)
Scrolls
 c - 2 scrolls of fog
 e - 2 scrolls of identify {unknown}
 i - a scroll of amnesia {unknown}
 j - 3 scrolls of poison {unknown}


   Skills:
 + Level 3.5 Fighting
 + Level 2.5 Axes
 + Level 2.5 Dodging
 + Level 5.0 Stealth


You had 3 spell levels left.
You didn't know any spells.
Your spell library was empty.

Dungeon Overview and Level Annotations

Branches:
Dungeon (6/15)            Ossuary (1/1)
 Temple: D:4-7

Altars:


Innate Abilities, Weirdness & Mutations

You have a pair of small horns on your head.


Message History

The mummy hits you!
A red film seems to cover your vision as you go berserk!
You feel yourself moving faster!
You feel mighty!
You closely miss the mummy.
The mummy is lightly damaged.
You slash the mummy!
The mummy is heavily damaged.
The mummy closely misses you.
You hit the mummy but do no damage.
The mummy is heavily damaged.
You slash the mummy!
You destroy the mummy!
Your Stealth skill increases to level 5!
You have reached level 4!
You feel stronger.
You feel a strong urge to attack something.
i - a scroll labelled NUPLOSYOFA The door flies open with a bang!
You feel your anger nearly subside.
A mummy comes into view.
You are no longer berserk.
You are exhausted.
You feel yourself slow down.
A mummy opens the door.
The mummy closely misses you.
There is an open door here.
You hit the mummy. You headbutt the mummy.
The mummy is heavily damaged.
The mummy closely misses you.
A mummy opens the door.
Found a potion of curing.
There is an open door here.
You completely miss the mummy.
The mummy is heavily damaged.
The mummy hits you!!
Ouch! That really hurt!
* * * LOW HITPOINT WARNING * * *
As you read the scroll labelled SEPSAOS SUHO, it crumbles to dust.
It is a scroll of brand weapon.
Your +0 hand axe emits a brilliant flash of light!
a - a +0 vorpal hand axe (weapon)
The mummy hits you!
You die...

### #.#
##'##
###...####
#.'..MM@.#
###..M##.##
##'###..##
#.# ##..##
#.# ##..#
#.! ##.# #.
##'# ##..#
##..##


You could see 3 mummies.

Vanquished Creatures
  An iguana (D:5)
  4 mummies (Ossuary)
  A gnoll skeleton (Ossuary)
  3 orc skeletons (Ossuary)
9 creatures vanquished.

Notes
Turn   | Place    | Note
-------+----------+-------------------------------------------
     0 | D:5      | croobank the Demonspawn Delver began the quest for the Orb.
     0 | D:5      | Reached XP level 1. HP: 18/18 MP: 1/1
    13 | D:6      | Noticed a scorpion
    15 | D:6      | Noticed an electric eel
   213 | D:5      | Noticed an iguana
   229 | D:5      | Killed an iguana
   230 | D:5      | Gained mutation: You have a pair of small horns on your
                  | head. [demonic ancestry]
   230 | D:5      | Reached XP level 2. HP: 18/24 MP: 2/2
   234 | D:5      | Found a sand-covered staircase.
   369 | Ossuary  | Entered an ossuary
   393 | Ossuary  | Reached XP level 3. HP: 29/29 MP: 3/3
   751 | Ossuary  | Reached skill level 5 in Stealth
   751 | Ossuary  | Reached XP level 4. HP: 35/35 MP: 4/4
   762 | Ossuary  | Mangled by a mummy

Illustrated notes

Levels and vault maps discovered:
D:5:      layout_basic, nicolae_ossuary_entry_monument
D:6:      layout_cave_pools, hangedman_decor_points, kennysheep_boxes
Ossuary:  ossuary_due_small_catacomb

Skill      XL: |  1  2  3 |
---------------+----------+-----
Axes           | 2 |  2.5
Dodging        | 2 |  2.5
Stealth        | 5 |  5.0
Fighting       | |  3.5

Action                   |  1- 3 |  4- 6 || total
-------------------------+-------+-------++-------
Melee: Hand axe          |    42 |     2 ||    44
       Headbutt          |     5 |     1 ||     6
  Use: Scroll            |     2 |     1 ||     3
       Potion            |     2 |       ||     2
 Stab: Sleeping          |     3 |       ||     3
Armor: Leather armour    |     3 |       ||     3
Dodge: Dodged            |    20 |     2 ||    22
